 Dungeon Crawl Stone Soup version 0.27.0-66-gdc8fb28755 (webtiles) character file.

Game seed: 5731308675415759031

241 Malachi the Shield-Bearer (level 5, -1/42 HPs)
             Began as a Demonspawn Fighter on Aug 20, 2021.
             Killed from afar by a steam dragon (21 damage)
             ... with a ball of steam
             ... on level 5 of the Dungeon.
             The game lasted 00:05:00 (3719 turns).

Malachi the Shield-Bearer (Demonspawn Fighter)      Turns: 3719, Time: 00:05:00

Health: -1/42      AC: 17    Str: 18    XL:     5   Next: 80%
Magic:  5/5        EV:  5    Int:  9    God:
Gold:   121        SH:  9    Dex: 12    Spells: 4/4 levels left

rFire    . . .     SeeInvis .   a - +0 trident
rCold    . . .     Faith    .   c - +0 kite shield
rNeg     . . .     Spirit   .   e - +0 chain mail
rPois    +         Reflect  .   (no helmet)
rElec    .         Harm     .   i - +0 cloak
rCorr    .         Rampage  .   (no gloves)
Will     .....                  (no boots)
Stlth    ..........             (no amulet)
HPRegen  0.14/turn              h - ring of poison resistance
MPRegen  0.09/turn              j - +4 ring of protection

@: no status effects
A: molten scales 2, condensation shield
a: no special abilities


You were on level 5 of the Dungeon.
You visited 1 branch of the dungeon, and saw 5 of its levels.

You collected 121 gold pieces.

Inventory:

Hand Weapons
 a - a +0 trident (weapon)
Missiles
 l - 9 poisoned darts (quivered)
Armour
 c - a +0 kite shield (worn)
 e - a +0 chain mail (worn)
 i - a +0 cloak (worn)
Jewellery
 h - a ring of poison resistance (left hand)
 j - a +4 ring of protection (right hand)
 m - an amulet of faith
 o - a ring of resist corrosion
Wands
 p - a wand of mindburst (7)
Scrolls
 k - a scroll of silence
 n - a scroll of enchant armour {unknown}
Potions
 b - a potion of curing
 d - a potion of might
 f - a potion of cancellation
 g - a potion of ambrosia {unknown}
 q - a potion of invisibility {unknown}


   Skills:
 + Level 3.7 Fighting
 * Level 3.3 Polearms
 + Level 3.5 Armour
 * Level 4.2 Shields


You had 4 spell levels left.
You didn't know any spells.
Your spell library was empty.

Dungeon Overview and Level Annotations

Branches:
Dungeon (5/15)
 Temple: D:4-7

Altars:
Elyvilon
Okawaru
Qazlal
Yredelemnul

Shops:
D:2 !=[?

Annotations:
D:4 Pikel


Innate Abilities, Weirdness & Mutations

You are mostly covered in molten scales. (AC +3)
A meltable shield of frost defends you. (SH +0)


Message History

The steam dragon claws you but does no damage.
You closely miss the steam dragon.
The steam dragon bites you but does no damage.
You block the steam dragon's attack.
You barely miss the steam dragon. You block the steam dragon's attack.
The steam dragon claws you but does no damage.
Your chain mail prevents you from hitting the steam dragon.
The steam dragon breathes steam at you. The ball of steam misses you.
You block the steam dragon's attack. x2
You hit the steam dragon.
The steam dragon is lightly wounded.
You are engulfed in a cloud of scalding steam.
You block the steam dragon's attack.
The steam dragon claws you but does no damage.
You puncture the steam dragon!
The steam dragon is heavily wounded.
You are engulfed in a cloud of scalding steam.
You block the steam dragon's attack. The steam dragon claws you.
You puncture the steam dragon!
The steam dragon is almost dead.
The steam dragon breathes steam at you. The ball of steam hits you.
The steam dragon bites you but does no damage.
You block the steam dragon's attack.
You closely miss the steam dragon.
The steam dragon is almost dead.
You are engulfed in a cloud of scalding steam.
The steam dragon bites you. The steam dragon barely misses you.
You completely miss the steam dragon.
The steam dragon is almost dead.
You are engulfed in a cloud of scalding steam.
The steam dragon bites you but does no damage.
The steam dragon completely misses you. You block the steam dragon's attack.
The steam dragon barely misses you.
You hit the steam dragon but do no damage.
The steam dragon is almost dead.
The steam dragon breathes steam at you. The ball of steam hits you!!
Ouch! That really hurt!
You die...

#..###.## ##...## #.# #..###..#
#.....###.#
#.......#####......##.#
..########<.####.....#.......#.#
........)...#........#.......'..
..########..#....##..#.......#..
#..#.....#..#......####
#.....§_..........##
###§.#@§...#.#...##
#§§##D...#....## #...§....#.##.#
#.....####.##.# #####..D ..##.#
#.$..... .. ##..... ###


You could see a steam dragon (catching breath).

Vanquished Creatures
  A lemure (D:5)
  A water moccasin skeleton (D:5)
  A hound (D:3)
  An iguana (D:5)
  6 adders
  A worm (D:2)
  An orc (D:3)
  15 endoplasms
  3 giant cockroaches
  7 goblins
  5 hobgoblins
  6 jackals
  3 quokkas
  4 ball pythons
  10 bats
  4 frilled lizards
  3 kobolds
  5 rats
  A spectral orc (D:3)
78 creatures vanquished.

Vanquished Creatures (others)
  8 withered plants (D:5)
8 creatures vanquished.

Grand Total: 86 creatures vanquished

Notes
Turn   | Place    | Note
-------+----------+-------------------------------------------
     0 | D:1      | Malachi the Demonspawn Fighter began the quest for the Orb.
     0 | D:1      | Reached XP level 1. HP: 18/18 MP: 1/1
   105 | D:1      | Gained mutation: A meltable shield of frost defends you.
                  | (SH +0) [demonic ancestry]
   105 | D:1      | Reached XP level 2. HP: 20/24 MP: 2/2
   272 | D:1      | Reached skill level 3 in Shields
   923 | D:1      | Gained mutation: You are partially covered in molten
                  | scales. (AC +2) [demonic ancestry]
   923 | D:1      | Reached XP level 3. HP: 25/29 MP: 3/3
  1155 | D:2      | Found Lughyuho's Magic Scroll Boutique.
  1726 | D:2      | Found an iron altar of Okawaru.
  1829 | D:2      | Gained mutation: You are mostly covered in molten scales.
                  | (AC +3) [demonic ancestry]
  1829 | D:2      | Reached XP level 4. HP: 35/35 MP: 4/4
  1843 | D:2      | Found Beru's Jewellery Emporium.
  1848 | D:2      | Found Warucka's Distillery.
  1860 | D:2      | Found Rahem's Armour Emporium.
  1896 | D:2      | Found a faded altar of an unknown god.
  2311 | D:3      | Found a transporter.
  2315 | D:3      | Found a stormy altar of Qazlal.
  2315 | D:3      | Found a transporter.
  2420 | D:3      | Found a basalt altar of Yredelemnul.
  3067 | D:3      | Reached XP level 5. HP: 35/41 MP: 5/5
  3140 | D:4      | Noticed a lemure
  3143 | D:4      | Noticed a lemure
  3144 | D:4      | Noticed a lemure
  3144 | D:4      | Noticed a lemure
  3145 | D:4      | Noticed Pikel
  3157 | D:5      | Entered Level 5 of the Dungeon
  3190 | D:5      | Killed a lemure
  3549 | D:5      | Reached skill level 4 in Shields
  3704 | D:5      | Noticed a steam dragon
  3719 | D:5      | Killed from afar by a steam dragon

Illustrated notes

Levels and vault maps discovered:
D:1:      wheals_arrival_linesprint, layout_basic, serial_co_window_serial,
          co_window_of_opportunity_a, co_window_corner_a, co_window_paths_a,
          co_window_corner_a, co_window_paths_a, co_window_of_opportunity_a,
          co_window_corner_a, co_window_2corner, co_window_cross_3,
          co_window_unsneaky_path_d, co_window_of_opportunity_b,
          co_window_corner_b, co_window_4corner_b, glass_columns_a,
          glass_columns_b, st_stairs_10
D:2:      layout_rooms, serial_shops, shop_fountains, shop, shop, shop,
          basic_altar, shapermc_ecumenical_altar_ellora
D:3:      layout_rooms, gammafunk_temple_overflow_arena,
          yredelemnul_forgotten_temple_becter, serial_glass, glass_columns_b,
          glass_columns_b, feat_on_display, feat_on_display,
          kennysheep_generic_room_15
D:4:      layout_cave_pools, okawaru_metal_pillars_1_2, uniq_pikel,
          uniq_sigmund, uniq_crazy_yiuf_cottage
D:5:      layout_loops_corners, mainiacjoe_overflow_tiny_flanked,
          nicolae_overflow_crystal_walls, serial_undead, serial_undead_b,
          serial_undead_d, serial_undead_a, serial_undead_c

Skill      XL: |  1  2  3  4  5 |
---------------+----------------+-----
Shields        | 3 4 |  4.2
Polearms       | 2 3 |  3.3
Armour         | 3 |  3.5
Fighting       | |  3.7

Action                   |  1- 3 |  4- 6 || total
-------------------------+-------+-------++-------
Melee: Trident           |   130 |   173 ||   303
  Use: Scroll            |     1 |     9 ||    10
Armor: Scale mail        |    12 |       ||    12
       Chain mail        |    83 |   141 ||   224
Dodge: Dodged            |    19 |    44 ||    63
Block: Kite shield       |   101 |   161 ||   262
